 Dungeon Crawl Stone Soup version 0.29-a0-352-g0917bc69df (webtiles) character file.

Game seed: 3562091002338504779

10922 Morbidden the Cleaver (level 11, -5/142 HPs)
             Began as a Minotaur Fighter on Apr 24, 2022.
             Was the Champion of Cheibriados.
             Slain by an orc knight
             ... wielding a +0 glaive
              (27 damage)
             ... in a bailey.
             The game lasted 00:14:50 (9373 turns).

Morbidden the Cleaver (Minotaur Fighter)            Turns: 9373, Time: 00:14:51

Health: -5/142     AC: 18    Str: 43    XL:     11   Next: 42%
Magic:  0/15       EV: 12    Int: 20    God:    Cheibriados [******]
Gold:   238        SH: 13    Dex: 26    Spells: 8/17 levels left

rFire   . . .      SeeInvis .   a - +1 war axe (drain)
rCold   . . .      Faith    .   B - +0 kite shield
rNeg    . . .      Spirit   +   t - +2 plate armour "Titsith" {Str+4}
rPois   .          Reflect  .   (helmet restricted)
rElec   .          Harm     .   (no cloak)
rCorr   .          Rampage  .   r - +0 pair of gloves
Will    .....                   H - +0 pair of boots
Stlth   ..........              f - amulet of guardian spirit
HPRegen 0.33/turn               (no ring)
MPRegen 0.14/turn               (no ring)

@: berserking, studying Shields, very slow
A: horns 2, retaliatory headbutt
a: Renounce Religion, Bend Time, Temporal Distortion, Slouch, Step From Time


You were in a bailey.
You worshipped Cheibriados.
Cheibriados was exalted by your worship.
You visited 2 branches of the dungeon, and saw 11 of its levels.
You also visited: Sewer and Bailey.

You collected 350 gold pieces.
You spent 112 gold pieces at shops.

Inventory:

Hand Weapons
 a - a +1 war axe of draining (weapon)
 l - a +0 morningstar
 p - a +0 broad axe
Missiles
 b - 49 poisoned darts (quivered)
 y - a throwing net
Armour
 m - +0 swamp dragon scales
 r - a +0 pair of gloves (worn)
 t - the +2 plate armour "Titsith" (worn) {Str+4}
   (You found it on level 3 of the Dungeon)

   Str:       It affects your strength (+4).
 B - a +0 kite shield (worn)
 H - a +0 pair of boots (worn)
Jewellery
 f - an amulet of guardian spirit (around neck)
Wands
 c - a wand of iceblast (7)
 A - a wand of flame (33)
Scrolls
 i - 5 scrolls of teleportation
 j - 4 scrolls of noise
 k - 3 scrolls of enchant weapon
 n - 3 scrolls of immolation
 o - 2 scrolls of identify
 E - a scroll of fog
 F - a scroll of amnesia
Potions
 d - 5 potions of might
 e - 3 potions of curing
 g - 2 potions of mutation
 h - a potion of ambrosia
 s - a potion of haste
 v - 9 potions of degeneration
 x - a potion of berserk rage
 C - a potion of attraction
 D - 2 potions of lignification


   Skills:
 * Level 8.8 Fighting
 * Level 12.9(13.2) Axes
 * Level 4.1(9.3) Maces & Flails
 + Level 1.1 Throwing
 + Level 7.3 Armour
 * Level 6.0 Dodging
 + Level 0.3 Stealth
 * Level 7.1 Shields
 * Level 3.7 Spellcasting
 * Level 1.2 Conjurations
 * Level 1.5 Translocations
 * Level 5.1 Invocations


You had 8 spell levels left.
You knew the following spells:

 Your Spells              Type           Power      Damage    Failure   Level
a - Manifold Assault      Tloc           10%        N/A       100%        5
z - Iskenderun's Mystic   Conj/Tloc      9%         2d4       100%        4

Your spell library contained the following spells:

 Spells                   Type           Power      Damage    Failure   Level
 Blink                    Tloc           20%        N/A       77%         2
 Pain                     Necr           12%        1d4       83%         1
 Slow                     Hex            12%        N/A       83%         1
 Lesser Beckoning         Tloc           10%        N/A       94%         3
 Dazzling Flash           Conj/Hex       12%        N/A       98%         3
 Confusing Touch          Hex            3%         N/A       99%         3
 Vampiric Draining        Necr           3%         2d6       99%         3
 Agony                    Necr           3%         N/A       100%        5
 Excruciating Wounds      Necr           1%         N/A       100%        5
 Conjure Ball Lightning   Conj/Air       3%         3x3d6     100%        6
 Starburst                Conj/Fire      3%         6d3       100%        6
 Discord                  Hex            1%         N/A       100%        8
 Disjunction              Tloc           5%         N/A       100%        8


Dungeon Overview and Level Annotations

Branches:
Dungeon (10/15)            Temple (1/1) D:4             Orc (0/2) D:9
  Sewer (visited)          Bailey (1/1)
   Lair: D:8-11

Altars:
Ashenzari
Cheibriados
Dithmenos
Elyvilon
Fedhas
Gozag
Hepliaklqana
Kikubaaqudgha
Makhleb
Nemelex Xobeh
Okawaru
Qazlal
Ru
Trog
Uskayaw
Vehumet
Wu Jian
Xom
Yredelemnul
Zin
The Shining One

Shops:
D:6 (


Innate Abilities, Weirdness & Mutations

You have a pair of horns on your head.
You reflexively headbutt those who attack you in melee.


Message History

Unknown command.
Okay, then.
Throw: dart (curare)
Press: ? - help, Q - select action, (/) - cycle Shift-Dir - straight line, f/p - orc knight
Aim: an orc knight, wielding a +0 glaive and wearing a +0 chain mail (almost dead, strong, fleeing, 66% to hit)
You throw a curare-tipped dart.
The curare-tipped dart barely misses the orc knight.
The curare-tipped dart barely misses the orc knight.
The orc knight hits you but does no damage.
The orc knight hits you from afar with a +0 glaive!!
* * * LOW HITPOINT WARNING * * *
Unknown command.
Unknown command.
Unknown command.
Unknown command.
Unknown command.
Okay, then.
Okay, then.
Okay, then.
You don't have enough magic at the moment.
Unknown command.
Unknown command.
Okay, then.
You feel better. You block the orc knight's attack.
Cornered, the orc knight turns to fight!
Unknown command.
Unknown command.
You feel better. You block the orc knight's attack.
Unknown command.
Unknown command.
Unknown command.
A red film seems to cover your vision as you go berserk!
Cheibriados forces you to slow down.
You feel mighty! You block the orc knight's attack.
Unknown command.
Unknown command.
Unknown command.
You feel a strong urge to attack something.
The orc knight hits you with a +0 glaive!!
You die...

..≈≈≈≈≈≈≈≈≈##≈≈≈≈≈≈≈##≈≈≈≈≈≈≈≈≈..
..≈≈≈≈≈≈≈≈##≈≈#'#'#≈≈##≈≈≈≈≈≈≈≈..
..≈≈≈≈≈≈≈≈#≈≈##.#)##≈≈#≈≈≈≈≈≈≈≈..
..≈≈≈≈≈≈≈##≈#########≈##≈≈≈≈≈≈≈..
..≈≈≈≈≈≈≈##≈')#:)?#.'≈##≈≈≈≈≈≈≈..
..≈≈≈≈≈≈≈##≈###(8.###≈##≈≈≈≈≈≈≈..
..≈≈≈≈≈≈≈##≈')#.o.#)'≈##≈≈≈≈≈≈≈..
..≈≈≈≈≈≈≈##≈####o####≈##≈≈≈≈≈≈≈..
..≈≈≈≈≈≈≈≈#≈≈##∩@∩##≈≈##≈≈≈≈≈≈≈..
..≈≈≈≈≈≈≈≈##≈≈#'''##≈≈≈≈≈≈≈≈≈≈≈..
..≈≈≈≈≈≈≈≈≈##≈≈≈≈≈##≈≈≈≈≈≈≈≈≈≈≈..
..≈≈≈)≈≈≈≈≈≈##≈≈≈≈##≈≈≈≈≈≈≈≈≈≈≈..
..≈≈#)##≈≈≈≈≈#######≈≈≈≈≈##.#≈≈..
..≈##)∩#≈≈≈≈≈≈≈≈≈≈≈≈≈≈≈≈≈#∩.##≈..
..≈#....≈≈≈≈≈≈≈≈≈≈≈≈≈≈≈)≈)...#≈..
..≈##.##≈≈≈≈≈≈≈≈≈≈≈≈≈≈≈≈≈##.##≈..
.. ###≈≈≈≈≈≈≈≈≈≈≈≈≈≈≈≈≈≈≈###≈≈..


You could see 2 orc knights.

Vanquished Creatures
  A two-headed ogre (D:8)
  A cyclops (D:10)
  Maggie (D:6)
  3 trolls
  2 hornets
  3 slime creatures (D:10)
  Prince Ribbit (D:6)
  Sigmund (D:5)
  8 yaks
  A steam dragon (D:8)
  A water moccasin (D:6)
  An ice beast (D:7)
  13 orc warriors
  A black bear (D:5)
  2 ogres (D:9)
  3 centaurs
  Blork the orc (D:5)
  2 phantoms
  8 kobold brigands
  5 bullfrogs
  3 necrophages
  4 scorpions
  4 gnoll sergeants
  11 wights
  12 killer bees
  9 howler monkeys
  5 hounds
  5 orc priests
  A jelly (D:7)
  3 iguanas
  4 orc wizards
  A mummy (D:8)
  14 gnolls
  17 adders
  A shadow imp (D:5)
  2 white imps (D:7)
  An ufetubus (D:5)
  3 worms
  A dart slug (D:4)
  34 orcs
  10 ball pythons
  7 endoplasms
  6 goblins
  7 hobgoblins
  13 jackals
  7 quokkas
  7 bats
  4 frilled lizards
  3 hobgoblin zombies (D:8)
  24 kobolds
  An orc zombie (D:8)
  6 rats
289 creatures vanquished.

Vanquished Creatures (collateral kills)
  A slime creature (D:10)
  An orc warrior (D:10)
  3 wights (D:10)
  2 orcs (D:10)
7 creatures vanquished.

Grand Total: 296 creatures vanquished

Notes
Turn   | Place    | Note
-------+----------+-------------------------------------------
     0 | D:1      | Morbidden the Minotaur Fighter began the quest for the Orb.
     0 | D:1      | Reached XP level 1. HP: 19/19 MP: 0/0
    13 | D:1      | Found a faded altar of an unknown god.
   114 | D:1      | Reached XP level 2. HP: 16/27 MP: 1/1
   509 | D:1      | Reached skill level 3 in Axes
   717 | D:2      | Reached XP level 3. HP: 31/33 MP: 2/2
  1407 | D:2      | Reached skill level 1 in Dodging
  1676 | D:3      | Reached XP level 4. HP: 33/40 MP: 2/4
  1887 | D:3      | Reached skill level 4 in Axes
  2100 | D:3      | Identified the +2 plate armour "Titsith" {Str+4}
  2277 | D:4      | Reached XP level 5. HP: 39/46 MP: 5/5
  2286 | D:4      | Reached skill level 1 in Spellcasting
  2293 | D:4      | Reached skill level 5 in Axes
  2299 | D:4      | Reached XP level 6. HP: 14/53 MP: 4/6
  2308 | D:4      | Noticed an orc warrior
  2324 | D:4      | Killed an orc warrior
  2678 | D:4      | Reached skill level 6 in Axes
  2706 | D:4      | Found a staircase to the Ecumenical Temple.
  2712 | Temple   | Entered the Ecumenical Temple
  2781 | Temple   | Became a worshipper of Cheibriados the Contemplative
  2831 | D:4      | Reached skill level 5 in Fighting
  3251 | D:5      | Entered Level 5 of the Dungeon
  3262 | D:4      | Reached XP level 7. HP: 48/61 MP: 5/7
  3286 | D:5      | Found a stormy altar of Qazlal.
  3392 | D:5      | Reached skill level 5 in Armour
  3510 | D:5      | Noticed Blork the orc
  3518 | D:5      | Killed Blork the orc
  3585 | D:5      | Reached * piety under Cheibriados
  3586 | D:5      | Reached skill level 1 in Invocations
  3619 | D:5      | Reached skill level 7 in Axes
  3645 | D:5      | Noticed Sigmund
  3661 | D:5      | Killed Sigmund
  3662 | D:5      | Reached XP level 8. HP: 63/70 MP: 6/9
  3874 | D:5      | Found an iron altar of Okawaru.
  3977 | D:5      | Reached skill level 8 in Axes
  3994 | D:5      | Noticed a two-headed ogre
  4057 | D:5      | Found a basalt altar of Yredelemnul.
  4072 | D:5      | Found a glowing golden altar of the Shining One.
  4074 | D:5      | Noticed an angel
  4243 | D:6      | Noticed Maggie
  4253 | D:6      | Killed Maggie
  4254 | D:6      | Reached skill level 9 in Axes
  4261 | D:6      | Found Riesag Ajegu's Antique Weapon Shoppe.
  4276 | D:6      | Bought a broad axe for 112 gold pieces
  4284 | D:6      | Reached ** piety under Cheibriados
  4294 | D:6      | Reached XP level 9. HP: 40/77 MP: 8/11
  4337 | D:6      | Noticed Prince Ribbit
  4344 | D:6      | Killed Prince Ribbit
  4496 | D:6      | Found a glowing drain.
  4506 | Sewer    | Entered a sewer
  4572 | Sewer    | Reached skill level 10 in Axes
  4959 | Sewer    | Reached *** piety under Cheibriados
  5467 | D:7      | Reached skill level 11 in Axes
  5695 | D:7      | Found a shadowy altar of Dithmenos.
  5908 | D:7      | Reached skill level 5 in Shields
  5960 | D:7      | Reached XP level 10. HP: 86/86 MP: 13/13
  6436 | D:8      | Reached **** piety under Cheibriados
  6439 | D:8      | Reached skill level 1 in Maces & Flails
  6444 | D:8      | Reached skill level 5 in Dodging
  6479 | D:8      | Found a hide-covered altar of Uskayaw.
  6578 | D:8      | Noticed a two-headed ogre
  6583 | D:8      | Killed a two-headed ogre
  7286 | D:9      | Reached skill level 12 in Axes
  7287 | D:9      | Reached ***** piety under Cheibriados
  7340 | D:9      | Learned a level 5 spell: Manifold Assault
  7772 | D:9      | Learned a level 4 spell: Iskenderun's Mystic Blast
  7845 | D:9      | Found an opulent altar of Gozag.
  8050 | D:9      | Found a staircase to the Orcish Mines.
  8484 | D:9      | Reached XP level 11. HP: 95/95 MP: 15/15
  8879 | D:10     | Entered Level 10 of the Dungeon
  8886 | D:10     | Reached skill level 1 in Translocations
  8893 | D:10     | Reached ****** piety under Cheibriados
  8901 | D:10     | Reached skill level 5 in Invocations
  8904 | D:10     | Reached skill level 1 in Throwing
  8924 | D:10     | Reached skill level 1 in Conjurations
  8944 | D:10     | Found a flagged portal.
  8981 | Bailey   | Entered a bailey
  9359 | Bailey   | Noticed an orc knight
  9359 | Bailey   | Noticed an orc knight
  9369 | Bailey   | HP: 1/95 [orc knight/+0 glaive (22)]
  9373 | Bailey   | Slain by an orc knight

Illustrated notes

Levels and vault maps discovered:
D:1:      dpeg_arrival_windows_large_door, layout_rooms,
          hellmonk_ecumenical_altar_heavens_door
D:2:      layout_loops_ring, roderic_st_hans_cross
D:3:      layout_rooms
D:4:      layout_cave_pools, minmay_temple_entry_ruins, guppyfry_early_orc_mine
D:5:      layout_cave_pools, grunt_temple_overflow_holy_war,
          okawaru_altar_gauntlet_db, mainiacjoe_overflow_cross_hatched,
          grunt_ministairs_9, lightli_corner_chamber, uniq_blork_the_orc,
          uniq_sigmund
D:6:      layout_cave_pools, serial_shops, shop, cheibrodos_sewer_entry_bend,
          grunt_ministairs_11, uniq_maggie, uniq_prince_ribbit1
D:7:      layout_basic, nicolae_dithmenos_the_darkroom
D:8:      layout_basic, kennysheep_mini, minmay_mini_ossuary
D:9:      layout_loops_ring, mainiacjoe_overflow_concentric_impassable,
          kennysheep_orc_monster_closet_entryway, st_stairs_14,
          grunt_ministairs_14
D:10:     layout_cross, kennysheep_orc_sif_temple, enter_bailey_7,
          grunt_potential
Temple:   zaba_magenta_temple
Bailey:   bailey_polearm_2, bailey

Skill      XL: |  1  2  3  4  5  6  7  8  9 10 11 |
---------------+----------------------------------+-----
Axes           | 3 4 5 6 7 9 11 12 | 12.9
Fighting       | 4 5 6 7 8 |  8.8
Shields        | 4 5 6 7 |  7.1
Dodging        | 1 2 3 4 5 6 |  6.0
Armour         | 4 5 6 7 |  7.3
Spellcasting   | 1 2 3 |  3.7
Invocations    | 2 3 4 5 |  5.1
Maces & Flails | 3 4 |  4.1
Translocations | 1 |  1.5
Throwing       | 1 |  1.1
Conjurations   | 1 |  1.2
Stealth        | |  0.3

Action                   |  1- 3 |  4- 6 |  7- 9 | 10-12 || total
-------------------------+-------+-------+-------+-------++-------
Melee: War axe           |    76 |   107 |   220 |   236 ||   639
       Headbutt          |     4 |    10 |    34 |    57 ||   105
Throw: Dart              |       |       |     4 |    25 ||    29
Invok: Slouch            |       |       |       |     1 ||     1
Evoke: Wand              |       |       |       |     4 ||     4
  Use: Scroll            |       |     4 |     7 |     9 ||    20
       Potion            |       |     2 |     3 |     5 ||    10
Armor: Scale mail        |    47 |    28 |       |       ||    75
       Plate armour      |       |   101 |   147 |   101 ||   349
Dodge: Dodged            |    48 |    67 |    82 |   107 ||   304
Block: Buckler           |    27 |    30 |    52 |       ||   109
       Kite shield       |       |       |     9 |   203 ||   212

Table legend: (Time is in decaauts)
 A = Elapsed time spent in this place.
 B = Non-inter-level travel time spent in this place.
 C = Inter-level travel time spent in this place.
 D = Time resting spent in this place.
 E = Time spent auto-exploring this place.
 F = Levels seen in this place.
 G = Mean time per level.
                   A        B        C        D        E       F      G
               +--------+--------+--------+--------+--------+-----+--------+
         Total |  12547 |  12077 |    470 |   1035 |   8347 |  13 |  965.2 |
       Dungeon |  10918 |  10463 |    455 |    911 |   7512 |  10 | 1091.8 |
        Temple |     86 |     71 |     15 |      0 |     41 |   1 |   86.0 |
         Sewer |    946 |    946 |      0 |      0 |    703 |   1 |  946.0 |
        Bailey |    595 |    595 |      0 |    124 |     90 |   1 |  595.0 |
               +--------+--------+--------+--------+--------+-----+--------+

Top non-repeatable levels by time:
     D:9: 2313 daAuts
     D:8: 1512 daAuts
     D:7: 1483 daAuts
     D:5: 1115 daAuts
     D:6: 963 daAuts
   Sewer: 946 daAuts
     D:2: 902 daAuts
     D:3: 894 daAuts
     D:4: 854 daAuts
     D:1: 723 daAuts
  Bailey: 595 daAuts
    D:10: 155 daAuts
  Temple: 86 daAuts
